Unix NetHack Version 7.0.0 - last build May 18 2022 16:02:46 (1ef854df9bee93650ee6de33306337005608cf07). Game began 2022-05-25 14:54:19, ended 2022-05-25 14:57:14. Raisse, neutral female gnomish Wizard -------------- |.....<......| |............| |............. -----------.-- #### # ### ## # #### ---G- |.fd| |.{.| |...| |..$ |...| --+-- Raisse the Evoker St:12 Dx:13 Co:12 In:17 Wi:10 Ch:11 Neutral Dlvl:2 $:4 HP:0(13) Pw:8(14) AC:9 Xp:2/24 T:754 Latest messages: Where do you want to travel to? (For instructions type a '?') You swap places with Poes. There's some graffiti on the floor here. You read: "Wielding an iron hook against a crocodile is bound to go badly.". Where do you want to travel to? (For instructions type a '?') You swap places with Poes. You swap places with Poes. Poes misses the sewer rat. In what direction? l The spell hits the sewer rat! You kill the sewer rat! You swap places with Poes. You swap places with Poes. There is a doorway here. You see here a black gem. There's some graffiti on the floor here. You read: "They say th?t vou snould alvays s?ore your too|s ?n the c lla .". You see here a violet gem. You stop waiting. You descend the stairs. Poes misses the sewer rat. Poes bites the sewer rat. The sewer rat bites Poes. You see here a runed bow. Poes bites the sewer rat. The sewer rat is killed! You swap places with Poes. You see here a runed bow. s - a runed bow {30}. You stop. Poes is in the way! You hear a door open. You hear someone cursing shoplifters. You swap places with Poes. You swap places with Poes. The goblin wields a crude dagger! The goblin thrusts his crude dagger. The goblin stabs you! In what direction? j The spell hits the goblin! You kill the goblin! Welcome to experience level 2. You don't have enough energy to cast that spell. The fox bites! Poes misses the fox. The fox bites! You die... Do you want your possessions identified? [ynq] (y) y Do you want to see your attributes? [ynq] (y) q Major events: Turn 1: Raisse the neutral female gnomish Wizard entered the dungeon 1: hit with a wielded weapon for the first time 1: killed for the first time 63: became literate by reading a book 164: ate for the first time - lichen 339: consumed animal products for the first time, by eating a jackal corpse 724: entered new level 2, The Dungeons of Doom 751: gained experience level 2 Inventory: Inventory: 165/650 weight (13/52 slots) Coins $ - 4 gold pieces {1} Weapons a - a blessed +1 quarterstaff (weapon in hands) {40} r - an uncursed +0 wooden orcish dagger {3} s - a blessed +1 elven bow {30} Armor C - an uncursed +0 cloak of magic resistance (being worn) {8} Comestibles g - an uncursed lichen corpse {20} m - an uncursed tin of boiled lichen {10} T - an uncursed tripe ration {10} Scrolls o - an uncursed scroll of identify {5} Potions h - an uncursed potion of levitation {20} Rings q - a cursed ring of levitation {3} Wands k - an uncursed wand of digging (0:7) {7} l - an uncursed wand of magic missile (0:6) {7} Tools w - an uncursed mithril magic whistle {2} Raisse the Wizard's attributes: Background: You were an Evoker, a level 2 female gnomish Wizard. You were neutral, on a mission for Thoth who was opposed by Ptah (lawful) and Anhur (chaotic). You were bisexual. You were in the Dungeons of Doom, on level 2. You entered the dungeon 754 turns ago. You had 24 experience points, 16 more were needed to attain level 3. Basics: You had 0 out of 13 hit points. You had 8 out of 14 energy points (spell power). Your armor class was 9. Your wallet contained 4 zorkmids. Autopickup was on for '$!?/"=+' plus thrown, with exceptions. Final Characteristics: Your strength was 12 (limit:18/50). Your dexterity was 13 (limit:18). Your constitution was 12 (limit:18). Your intelligence was 17 (limit:19). Your wisdom was 10 (limit:18). Your charisma was 11 (limit:18). Final Status: You were not hungry. You were unencumbered. You were wielding a quarterstaff. You had basic skill with quarterstaff. Final Attributes: You were stridently aligned. You were magic-protected. You had infravision. You were warded. You are dead. Miscellaneous: You never encountered a bones level. Total elapsed playing time was 2 minutes and 54 seconds. Vanquished creatures: a jackal a fox 2 goblins 2 sewer rats 2 grid bugs 2 lichens 10 creatures vanquished. No species were genocided or became extinct. Voluntary challenges: You were an atheist. You read items or engraved 6 times. You never genocided any monsters. You never polymorphed an object. You never changed form. You never touched an artifact. You used no wishes. You never scared an enemy with impunity. You were celibate. You never generated conflict. The Dungeons of Doom: levels 1 to 2 Level 1: "spb" Level 2: <- You were here. A fountain. Final resting place for you, killed by a fox. Game over: __________ / \ / REST \ / IN \ / PEACE \ / \ | Raisse | | 4 Au | | killed by a fox | | | | | | | | 2022 | *| * * * | * _________)/\\_//(\/(/\)/\//\/|_)_______ Goodbye Raisse the Wizard... You died in The Dungeons of Doom on dungeon level 2 with 170 points, and 4 pieces of gold, after 754 moves. You were level 2 with a maximum of 13 hit points when you died.